[Event "Betsys MČR v online bleskovém šachu 2021"]
[Site "Chess.com"]
[Date "2021.04.17"]
[Round "6"]
[White "Klapuch05"]
[Black "matykov"]
[Result "0-1"]
[WhiteElo "1572"]
[BlackElo "2013"]
[TimeControl "180+1"]
[EndTime "9:57:35 PDT"]
[Termination "Uživatel matykov zvítězil matem"]

1. e4 e6 2. d4 d5 3. Nc3 Bb4 4. e5 c5 5. Bd2 Nc6 6. a3 Bxc3 7. Bxc3 Nxd4 8. Bxd4 cxd4 9. Qxd4 Ne7 10. Nf3 O-O 11.
Bd3 Qa5+ 12. Qb4 Qxb4+ 13. axb4 a6 14. b5 a5 15. b6 Bd7 16. Nd4 Nc6 17. Nxc6 Bxc6 18.
f3 Rfc8 19. Kf2 Kf8 20. Ra3 Bd7 21. Rha1 a4 22. b3 Ke7 23. bxa4 Ra5 24. Ke3 Rca8 25.
c4 dxc4 26. Bxc4 Rxe5+ 27. Kd3 Rea5 28. Bb3 R8a6 29. Kc4 Rxb6 30. R1a2 Kf6 31. Bc2 Bc6 32. Rd3 Bd5+ 33. Rxd5 Rxd5 34. a5 Rc6+ 35. Kb4 Rd2 36.
Kb3 Ke5 37. Be4 Rxa2 38. Kxa2 Ra6 39. Bxb7 Rxa5+ 40. Kb3 Rb5+ 41. Kc3 Rxb7 42. Kd2 Rb2+ 43. Ke3 Rxg2 44. f4+ Kf5 45. Kf3 Rxh2 46. Kg3 Ra2 47. Kh4 Kxf4 48. Kh3 e5 49. Kh4 Rh2# 0-1

[Event "Betsys MČR v online bleskovém šachu 2021"]
[Site "Chess.com"]
[Date "2021.04.17"]
[Round "6"]
[White "JosefBara"]
[Black "catanist19"]
[Result "1/2-1/2"]
[WhiteElo "1309"]
[BlackElo "1731"]
[TimeControl "180+1"]
[EndTime "9:57:35 PDT"]
[Termination "Remíza – nedostatek materiálu"]

1. d4 d5 2. c4 e6 3. Nc3 Nf6 4. Nf3 c6 5. Bg5 Be7 6. cxd5 exd5 7. e3 Bf5 8. Bd3 Bxd3 9. Qxd3 Nbd7 10. O-O O-O 11. Rac1 h6 12. Bh4 Ne4 13. Bxe7 Qxe7 14. a3 Ndf6 15. Ne5 Rac8 16. Nxe4 Nxe4 17. b4 Nd6 18. h3 Rfe8 19. f3 f6 20. Ng4 h5 21. Nf2 Qxe3 22. Rfe1 Qxd3 23. Nxd3 Nc4 24. a4 b6 25. Nf4 Nb2 26. a5 Rxe1+ 27. Rxe1 bxa5 28.
bxa5 Nc4 29. a6 Rb8 30. Nxh5 Rb6 31. Ra1 Kf7 32. Nf4 Nd2 33. h4 Rb1+ 34. Rxb1 Nxb1 35.
g4 Nc3 36. g5 fxg5 37. hxg5 Ke7 38. Nh5 g6 39. Nf6 Ne2+ 40. Kf2 Nxd4 41. f4 Ne6 42. Kf3 Nc5 43. Kg4 Nxa6 44. f5 Kf7 45. fxg6+ Kxg6 46. Nd7 d4 47. Ne5+ Kg7 48. Nxc6 d3 49. Kf3 Nc5 50.
Nxa7 Kg6 51. Nb5 Kxg5 52. Nc3 Kf5 53. Ke3 Ke5 54. Ne2 dxe2 55. Kxe2 1/2-1/2

[Event "Betsys MČR v online bleskovém šachu 2021"]
[Site "Chess.com"]
[Date "2021.04.17"]
[Round "6"]
[White "EDA16"]
[Black "Terilka"]
[Result "0-1"]
[WhiteElo "1282"]
[BlackElo "1527"]
[TimeControl "180+1"]
[EndTime "9:57:35 PDT"]
[Termination "Uživatel Terilka zvítězil matem"]

1. d4 Nf6 2. c4 g6 3. Nc3 d5 4. cxd5 Nxd5 5. e4 Nxc3 6. bxc3 Bg7 7. Bg5 c5 8. Nf3 Qa5 9. Bd2 O-O 10. Bc4 Bg4 11. O-O Nc6 12. h3 Bxf3 13. Qxf3 cxd4 14. cxd4 Qxd2 15. Rab1 Qxd4 16. Rfc1 Ne5 17. Qc3 Qxc3 18.
Rxc3 Rac8 19. Rbc1 Nc6 20. R3c2 Nd4 21. Bxf7+ Kxf7 22. Rxc8 Ne2+ 23. Kh2 Nxc1 24. Rxc1 Be5+ 25. Kg1 Ke6 26.
Rb1 b6 27. a4 Kd6 28. f3 Bd4+ 29. Kh1 e5 30. Rd1 Rc8 31. f4 Rc4 32. fxe5+ Kxe5 33. Rf1 Rxa4 34. Rf7 Ra1+ 35. Kh2 Kxe4 36. Rxh7 Be5+ 37. g3 Ra2+ 38. Kg1 Bxg3 39. h4 Bf4 40. h5 gxh5 41.
Rxh5 a5 42. Rh4 a4 43. Kf1 a3 44. Ke1 Rb2 45. Kd1 a2 46. Ke1 a1=Q# 0-1

[Event "Betsys MČR v online bleskovém šachu 2021"]
[Site "Chess.com"]
[Date "2021.04.17"]
[Round "6"]
[White "Chessillusion213"]
[Black "SajdlJosef"]
[Result "1-0"]
[WhiteElo "2173"]
[BlackElo "1863"]
[TimeControl "180+1"]
[EndTime "9:57:38 PDT"]
[Termination "Uživatel Chessillusion213 zvítězil na čas"]

1. d4 d5 2. c4 c6 3. Nf3 Nf6 4. e3 Bf5 5. Nc3 e6 6. Be2 h6 7. O-O Nbd7 8. b3 Bd6 9. Bb2 O-O 10. Bd3 Ne4 11. Bxe4 dxe4 12. Nd2 Nf6 13. Qc2 Rc8 14. Ndxe4 Nxe4 15. Nxe4 Bxh2+ 16. Kxh2 Qh4+ 17. Kg1 Qxe4 18.
Qxe4 Bxe4 19. f3 Bg6 20. e4 Rfd8 21. Kf2 f6 22. Rac1 Rd7 23. Rfd1 Kf7 24. g4 h5 25. gxh5 Bxh5 26. Rh1 Bg6 27. Rcg1 Rdd8 28. Rh2 Rg8 29.
Rhg2 Bh5 30. Ke3 g5 31. e5 fxe5 32. dxe5 Rcd8 33. Rxg5 Rxg5 34. Rxg5 Bg6 35. Rg1 Rd3+ 36. Ke2 Rd8 37. Rh1 Rg8 38. Rd1 Bf5 39. Kf2 Ke8 40.
Rh1 Rg7 41. Rh8+ Kd7 42. Rb8 1-0

[Event "Betsys MČR v online bleskovém šachu 2021"]
[Site "Chess.com"]
[Date "2021.04.17"]
[Round "6"]
[White "MartinHollan"]
[Black "Saygram"]
[Result "1-0"]
[WhiteElo "2599"]
[BlackElo "2412"]
[TimeControl "180+1"]
[EndTime "9:57:39 PDT"]
[Termination "Uživatel MartinHollan zvítězil po vzdání soupeře"]

1. e4 e5 2. Nf3 Nf6 3. d4 Nxe4 4. Nxe5 d5 5. Bd3 Nd7 6. O-O Nxe5 7. dxe5 Nc5 8. Be2 Be7 9. Be3 O-O 10. f4 Ne4 11. Nd2 Nxd2 12. Qxd2 c5 13. c3 f5 14. exf6 Bxf6 15. Bxc5 Re8 16. Bf3 Be6 17. Rfe1 Bf7 18.
Rxe8+ Qxe8 19. Bxd5 Rd8 20. Bxf7+ Qxf7 21. Qe2 b6 22. Bf2 Qd5 23. a3 h6 24. Re1 Kh8 25.
Kf1 Qb3 26. g4 Qd5 27. Qe4 Qb5+ 28. Re2 Rd7 29. a4 Rd1+ 30. Kg2 Qa5 31. h4 Qd5 32. Qxd5 Rxd5 33. g5 hxg5 34. hxg5 Bd8 35. Bd4 Kh7 36. Kf3 Kg6 37. Kg4 Kf7 38. f5 Bc7 39. Re6 Rd7 40. Rc6 Bd6 41. Kf3 Be7 42. g6+ Ke8 43. Bxg7 Rd5 44.
Ke4 Rd1 45. Bd4 Kd7 46. g7 1-0

[Event "Betsys MČR v online bleskovém šachu 2021"]
[Site "Chess.com"]
[Date "2021.04.17"]
[Round "6"]
[White "veronikam"]
[Black "tiger196223"]
[Result "0-1"]
[WhiteElo "1490"]
[BlackElo "1835"]
[TimeControl "180+1"]
[EndTime "9:57:39 PDT"]
[Termination "Uživatel tiger196223 zvítězil na čas"]

1. e4 e6 2. d4 d5 3. e5 c5 4. c3 Qb6 5. Nf3 Bd7 6. Bd3 Bb5 7.
O-O Bxd3 8. Qxd3 cxd4 9. Nxd4 Ne7 10. Na3 Nec6 11. Nab5 a6 12. Nxc6 Qxb5 13. Qxb5 axb5 14. Nxb8 Rxb8 15. Be3 b6 16. a4 bxa4 17. Rxa4 Bc5 18. Re1 O-O 19. Ra7 Rfc8 20. Rea1 Bxe3 21. fxe3 b5 22.
Kf2 b4 23. Rc1 bxc3 24. bxc3 Rb2+ 25. Kf3 g6 26. Rd7 Rb3 27. e4 dxe4+ 28. Kxe4 Rbxc3 29. Rxc3 Rxc3 30. Rd8+ Kg7 31. Rd7 Rc2 32. Kf3 Rc1 33.
h3 Rf1+ 34. Ke2 Rg1 35. Kf2 Rc1 36. Kf3 h5 37. g4 Rc3+ 38. Kf4 Rxh3 39. gxh5 Rxh5 40.
Ra7 Rf5+ 41. Ke4 Rf1 42. Rc7 g5 43. Ke3 Kg6 44. Rc2 Kf5 0-1

[Event "Betsys MČR v online bleskovém šachu 2021"]
[Site "Chess.com"]
[Date "2021.04.17"]
[Round "6"]
[White "sodikus"]
[Black "krystofkrizek1"]
[Result "0-1"]
[WhiteElo "2290"]
[BlackElo "2142"]
[TimeControl "180+1"]
[EndTime "9:57:40 PDT"]
[Termination "Uživatel krystofkrizek1 zvítězil na čas"]

1. Nf3 Nf6 2. b3 b6 3. g3 Bb7 4. Bg2 e6 5. O-O Be7 6. Bb2 O-O 7. c4 d6 8. d3 Nbd7 9. Nbd2 e5 10. e4 c5 11. Nh4 Nb8 12. Nf5 Nc6 13. f4 Bc8 14. Qf3 Nd4 15. Bxd4 cxd4 16. g4 g6 17. Nxe7+ Qxe7 18. g5 Nd7 19. h4 Bb7 20. Bh3 f5 21. gxf6 Rxf6 22. Bxd7 Qxd7 23. Qg3 Qe7 24. fxe5 Rxf1+ 25. Rxf1 dxe5 26. Nf3 Re8 27. Ng5 Bc8 28. Rf7 Qd6 29. Rxh7 Rf8 30. Rxa7 Qf6 31. Qg2 Bg4 32. Nh3 Qxh4 33. Nf2 Bh5 0-1

[Event "Betsys MČR v online bleskovém šachu 2021"]
[Site "Chess.com"]
[Date "2021.04.17"]
[Round "6"]
[White "FormerProdigy"]
[Black "berny643"]
[Result "1-0"]
[WhiteElo "2862"]
[BlackElo "2560"]
[TimeControl "180+1"]
[EndTime "9:57:43 PDT"]
[Termination "Uživatel FormerProdigy zvítězil na čas"]

1. e4 d6 2. d4 Nf6 3. Nc3 g6 4. Be3 a6 5. Qd2 b5 6. f3 h5 7. Nh3 Bxh3 8. gxh3 Nbd7 9. Bd3 c6 10. f4 b4 11. Ne2 a5 12. e5 Nd5 13. e6 N7f6 14. exf7+ Kxf7 15. Rg1 Rg8 16. f5 gxf5 17. Rxg8 Kxg8 18. Bxf5 Bg7 19. O-O-O Kf7 20. Rg1 Qh8 21. Nf4 Nxe3 22. Qxe3 Bh6 23. Kd1 Ke8 24. Qf3 Bxf4 25. Qxc6+ Kf7 26. Bg6+ Kg7 27. Bd3+ Kf7 28. Bc4+ d5 29.
Bxd5+ Nxd5 30. Qxd5+ Kf6 31. Rf1 e5 32. Qxe5+ Kg6 33.
Qxf4 Rd8 34. Rg1+ Kh7 35. Qf5+ 1-0

[Event "Betsys MČR v online bleskovém šachu 2021"]
[Site "Chess.com"]
[Date "2021.04.17"]
[Round "6"]
[White "Soural_J"]
[Black "pedroholly22"]
[Result "1/2-1/2"]
[WhiteElo "2204"]
[BlackElo "2390"]
[TimeControl "180+1"]
[EndTime "9:57:43 PDT"]
[Termination "Remíza opakováním pozice"]

1. Nf3 b6 2. g3 Bb7 3. Bg2 g6 4. O-O Bg7 5. d4 Nf6 6. c4 O-O 7. Nc3 d5 8. Ne5 e6 9. cxd5 Nxd5 10. Nxd5 Bxd5 11. e4 Bb7 12. Be3 c5 13. Rc1 Na6 14. f4 Rc8 15. d5 exd5 16. exd5 Nb4 17. d6 Bxg2 18. Kxg2 Nc6 19. Qd5 Nb4 20. Qd2 Kh8 21. a3 Nc6 22. Qd5 Nxe5 23. fxe5 Qd7 24. Bg5 Rce8 25.
Rce1 Re6 26. Rf2 Rfe8 27. Rfe2 f6 28. Bf4 fxe5 29. Bxe5 Bxe5 30. Rxe5 Rxe5 31. Rxe5 Rxe5 32. Qxe5+ Kg8 33. Qf6 Qf7 34. Qd8+ Kg7 35. Qc7 Kf6 36. d7 Qd5+ 37. Kf2 Qd2+ 38. Kf3 Qd3+ 39. Kf2 Qd2+ 40.
Kf3 Qd3+ 41. Kf2 Qd2+ 1/2-1/2

[Event "Betsys MČR v online bleskovém šachu 2021"]
[Site "Chess.com"]
[Date "2021.04.17"]
[Round "6"]
[White "Pantata007"]
[Black "MartinCerveny"]
[Result "0-1"]
[WhiteElo "2271"]
[BlackElo "2655"]
[TimeControl "180+1"]
[EndTime "9:57:44 PDT"]
[Termination "Uživatel MartinCerveny zvítězil po vzdání soupeře"]

1. d4 d5 2. c4 c6 3. Nc3 Nf6 4. e3 a6 5. Qc2 g6 6. Bd3 Bg7 7. Nf3 O-O 8. O-O b5 9. b3 Bb7 10. Bb2 Nbd7 11. Rad1 e6 12. h3 Rc8 13. Qe2 Qa5 14.
a3 bxc4 15. bxc4 c5 16. cxd5 Nxd5 17. Nxd5 Bxd5 18. Bc4 Bxf3 19. Qxf3 cxd4 20. Qe2 Nb6 21. Bxa6 Ra8 22. Bd3 dxe3 23. fxe3 Bxb2 24. Qxb2 Nd5 25. Qf2 Qxa3 26. Be4 Qxe3 27. Bxd5 Qxf2+ 28. Rxf2 exd5 29. Rxd5 Rad8 30. Rxd8 Rxd8 31. g4 Kg7 32. Kg2 Rd3 33. Ra2 Kf6 34. h4 h6 35. Ra6+ Ke5 36. Ra5+ Rd5 37.
Ra4 Rd4 38. Ra5+ Kf4 39. g5 hxg5 40. hxg5 Kg4 41. Rb5 Rf4 42. Rb7 Kxg5 0-1

[Event "Betsys MČR v online bleskovém šachu 2021"]
[Site "Chess.com"]
[Date "2021.04.17"]
[Round "6"]
[White "florenc1330"]
[Black "Vesselovsky52"]
[Result "0-1"]
[WhiteElo "2098"]
[BlackElo "2331"]
[TimeControl "180+1"]
[EndTime "9:57:44 PDT"]
[Termination "Uživatel Vesselovsky52 zvítězil po vzdání soupeře"]

1. c4 g6 2. g3 Bg7 3. Bg2 c5 4. Nf3 Nc6 5. O-O e6 6. Nc3 Nge7 7. Rb1 O-O 8. a3 d5 9. cxd5 exd5 10. d3 d4 11. Ne4 b6 12. b4 cxb4 13. axb4 h6 14.
b5 Na5 15. Ba3 Be6 16. Nd6 Qd7 17. Nd2 Rad8 18. Qc2 Nd5 19. N2e4 f5 20. Nd2 Nc3 21.
Rbe1 Rf6 22. N6c4 Nxc4 23. Nxc4 Bd5 24. e4 fxe4 25. Ne5 Qe6 26. dxe4 Bb3 27. Qd2 Qxe5 28. f4 Qxb5 29. e5 Re6 30. Bh3 Ree8 31. Bb2 Na4 32. Bxd4 Qd5 33. Rf2 Qxd4 34. Qe2 Nc3 35. Qg4 Ne4 36. Rf1 Nxf2 37. Rxf2 Qe3 38. Qxg6 Rd1+ 39. Bf1 Bf7 40. Qc2 Red8 41. f5 R1d2 0-1

[Event "Betsys MČR v online bleskovém šachu 2021"]
[Site "Chess.com"]
[Date "2021.04.17"]
[Round "6"]
[White "Krejcak"]
[Black "bezzuton"]
[Result "1-0"]
[WhiteElo "2004"]
[BlackElo "1483"]
[TimeControl "180+1"]
[EndTime "9:57:44 PDT"]
[Termination "Uživatel Krejcak zvítězil na čas"]

1. e4 e6 2. d4 d5 3. e5 c5 4.
c3 Nc6 5. Be3 Nge7 6. Qd2 Nf5 7.
Nf3 cxd4 8. cxd4 Qb6 9. Nc3 Bd7 10. Rc1 Bb4 11. Be2 Bxc3 12. Rxc3 Nxe3 13. Rxe3 Rc8 14.
O-O Nb4 15. Rb3 a5 16. a3 Ba4 17. Rc3 Rxc3 18. Qxc3 Nc6 19. Rc1 Qb3 20. Qxb3 Bxb3 21. Bb5 Kd7 22. Kf1 f6 23. Ke2 Rc8 24. Kd2 a4 25.
Rc3 fxe5 26. Nxe5+ Kd6 27. Bxc6 bxc6 28. Nd3 Ke7 29. Nc5 Kd6 30. Nxb3 axb3 31. Rxb3 c5 32. Rb6+ Kd7 33. Rb7+ Rc7 34. Rxc7+ Kxc7 35. dxc5 Kc6 36. b4 e5 37. Kd3 g5 38. g3 h5 39. Ke3 Kb5 40. f4 exf4+ 41. gxf4 gxf4+ 42. Kxf4 1-0

[Event "Betsys MČR v online bleskovém šachu 2021"]
[Site "Chess.com"]
[Date "2021.04.17"]
[Round "6"]
[White "Petr_Zacek"]
[Black "121pepa"]
[Result "0-1"]
[WhiteElo "1752"]
[BlackElo "1430"]
[TimeControl "180+1"]
[EndTime "9:57:44 PDT"]
[Termination "Uživatel 121pepa zvítězil na čas"]

1. d4 Nf6 2. Bg5 e6 3. Nf3 g6 4. e4 Be7 5. Nc3 d6 6. Bd3 Nbd7 7. O-O c5 8. Qd2 b6 9. e5 Ng8 10. Be3 cxd4 11. Bxd4 d5 12. Rfe1 Nc5 13. Bb5+ Bd7 14. b4 Bxb5 15. Nxb5 Nb7 16. a3 a6 17. Nd6+ Nxd6 18. exd6 Bf6 19. Bxf6 Nxf6 20. Qf4 O-O 21. Rac1 Ne4 22. c4 Nxd6 23. cxd5 exd5 24. Red1 Ne4 25.
Rd4 f5 26. Rcd1 Nc3 27. R1d2 Ne4 28. R2d3 Qf6 29. h3 Rad8 30. Ne5 Rfe8 31. Nf3 b5 32.
Nd2 Qe5 33. Qxe5 Rxe5 34. f4 Ree8 35. Nxe4 fxe4 36. Rd1 e3 37. Re1 Re4 0-1

[Event "Betsys MČR v online bleskovém šachu 2021"]
[Site "Chess.com"]
[Date "2021.04.17"]
[Round "6"]
[White "Adam20032007"]
[Black "alenka777"]
[Result "1-0"]
[WhiteElo "1747"]
[BlackElo "1287"]
[TimeControl "180+1"]
[EndTime "9:57:45 PDT"]
[Termination "Uživatel Adam20032007 zvítězil matem"]

1. d4 d5 2. Nf3 Nc6 3. e3 Nf6 4. Bd3 Bg4 5. c4 dxc4 6. Bxc4 e6 7.
O-O Bd6 8. Nbd2 a6 9. b3 O-O 10.
Bb2 Ne7 11. Rc1 Ng6 12. h3 Bf5 13. a4 c6 14. Re1 Qc7 15. e4 Bxh3 16. e5 Bxe5 17.
dxe5 Ng4 18. gxh3 N4xe5 19. Nxe5 Nxe5 20. Bxe5 Qe7 21. Bd3 Qh4 22. Re3 Qg5+ 23. Bg3 f5 24.
Nf3 Qf6 25. Be5 Qe7 26. Kh2 f4 27. Re1 g5 28. Rg1 h6 29. Bb1 Rad8 30. Qc2 Rf7 31. h4 Rg7 32. Bxg7 Qxg7 33. hxg5 Rd5 34. Qh7+ Qxh7 35. Bxh7+ Kxh7 36. gxh6 Rh5+ 37. Kg2 Rd5 38. Rcd1 Rf5 39. Rd7+ Kxh6 40. Kf1 Rh5 41. Rd8 e5 42.
Rh8# 1-0

[Event "Betsys MČR v online bleskovém šachu 2021"]
[Site "Chess.com"]
[Date "2021.04.17"]
[Round "6"]
[White "Hapinka"]
[Black "jankrelina07"]
[Result "1-0"]
[WhiteElo "1839"]
[BlackElo "1525"]
[TimeControl "180+1"]
[EndTime "9:57:47 PDT"]
[Termination "Uživatel Hapinka zvítězil na čas"]

1. e4 c5 2. Nf3 g6 3. d4 cxd4 4. Nxd4 Bg7 5. Be3 Nc6 6. Nc3 d6 7. Be2 Bd7 8. O-O Nf6 9. Nb3 a6 10. f4 O-O 11. Bf3 Rc8 12. Nd5 Nxd5 13. exd5 Nb8 14.
c3 Be8 15. Bd4 Nd7 16. Bxg7 Kxg7 17. Qd4+ Nf6 18. g4 Kg8 19. f5 Qc7 20. g5 Nd7 21. f6 Kh8 22. Bg2 Ne5 23. Qh4 Qb6+ 24. Kh1 Qe3 25.
Rae1 Qb6 26. Qh6 Rg8 27. Rf4 exf6 28. gxf6 g5 29. Be4 Ng6 30. Qxg5 Qd8 31. Rf3 Bd7 32. Nd4 Qf8 33. Nf5 Ne5 34. Qh5 Nxf3 35. Ng7 Rxg7 36.
fxg7+ Qxg7 37. Qxf3 Re8 38. Rf1 f5 39. Bd3 Qe5 40.
Rg1 Rf8 41. Qg2 1-0

[Event "Betsys MČR v online bleskovém šachu 2021"]
[Site "Chess.com"]
[Date "2021.04.17"]
[Round "6"]
[White "zarathutra"]
[Black "RomanHlavicka"]
[Result "0-1"]
[WhiteElo "1810"]
[BlackElo "1529"]
[TimeControl "180+1"]
[EndTime "9:57:47 PDT"]
[Termination "Uživatel RomanHlavicka zvítězil matem"]

1. d4 Nf6 2. c4 g6 3. Nc3 Bg7 4. e4 d6 5. h3 O-O 6. Be3 Nbd7 7. g4 e5 8. d5 c6 9. Nge2 cxd5 10.
cxd5 a6 11. Ng3 Nc5 12. f3 b5 13. b4 Ncd7 14. Be2 Nb6 15. O-O Nc4 16. Bxc4 bxc4 17.
Na4 Bd7 18. Nb6 Rb8 19. Nxd7 Qxd7 20. a3 Qb5 21. Ne2 Rfc8 22. Nc3 Qd7 23. Qe2 Ne8 24. Rfc1 Nc7 25. Rc2 Nb5 26. Nd1 Rc7 27. a4 Na7 28.
Rxc4 Rxc4 29. Qxc4 Qb7 30. Nc3 Nc8 31. b5 axb5 32.
Nxb5 Bf8 33. Kg2 Nb6 34. Qc6 Nxa4 35. Qxb7 Rxb7 36. Nxd6 Bxd6 37. Rxa4 Rb3 38. Ba7 Rb2+ 39. Kg3 Bb4 40. Ra1 g5 41. h4 Bc3 42. Rc1 Bd2 43. Rd1 Bf4+ 44. Kh3 Rh2# 0-1

[Event "Betsys MČR v online bleskovém šachu 2021"]
[Site "Chess.com"]
[Date "2021.04.17"]
[Round "6"]
[White "zdenav"]
[Black "TomasOrnet1"]
[Result "1-0"]
[WhiteElo "1822"]
[BlackElo "1503"]
[TimeControl "180+1"]
[EndTime "9:57:48 PDT"]
[Termination "Uživatel zdenav zvítězil na čas"]

1. e4 e5 2. Nf3 Nc6 3. Bc4 Bc5 4.
O-O d6 5. h3 h6 6. d3 Nf6 7. c3 O-O 8. b4 Bb6 9. a4 a6 10. Nbd2 Nh7 11. Re1 Ng5 12. Nxg5 Qxg5 13. Nf1 Qg6 14. Qf3 Be6 15. Be3 Bxc4 16. dxc4 f5 17.
Bxb6 cxb6 18. exf5 Qxf5 19. Qe3 Qf4 20. Qxb6 Rf7 21.
Qe3 Qxc4 22. Nd2 Qf4 23. Ne4 Qxe3 24. Rxe3 Rd8 25. Rd1 d5 26. Nc5 d4 27. Re4 dxc3 28. Rxd8+ Nxd8 29. Rc4 Nc6 30. b5 axb5 31. axb5 Nd4 32.
Ne4 c2 33. Kf1 Rd7 34. f3 Rd5 35. Nc5 b6 36. Nd3 Rxb5 37. Kf2 Rb1 38. Ke3 b5 39.
Rc8+ Kh7 40. Ke4 b4 41. Kxe5 Ne2 42. Rxc2 Ng3 43. Rb2 Rxb2 44. Nxb2 Kg6 45. Kf4 Nh5+ 46. Ke3 Kg5 47. g4 1-0

[Event "Betsys MČR v online bleskovém šachu 2021"]
[Site "Chess.com"]
[Date "2021.04.17"]
[Round "6"]
[White "mayerrs"]
[Black "sajmon8"]
[Result "0-1"]
[WhiteElo "1864"]
[BlackElo "1625"]
[TimeControl "180+1"]
[EndTime "9:57:49 PDT"]
[Termination "Uživatel sajmon8 zvítězil na čas"]

1. g3 b6 2. Bg2 Nc6 3. e3 Bb7 4. Ne2 g6 5. O-O Bg7 6. d4 d5 7. b3 Rc8 8. Bb2 e6 9. a3 Nge7 10. Nd2 O-O 11. Rc1 Nf5 12. c4 dxc4 13. bxc4 Na5 14. Qc2 Bxg2 15. Kxg2 Nb7 16. Qa4 c5 17. Qxa7 Qd7 18. Qxb6 cxd4 19. exd4 Rfd8 20. Nf3 Nbd6 21. Qb3 Rb8 22. Qc2 Rdc8 23. c5 Nb5 24. Rfd1 Ra8 25.
c6 Qd5 26. Nf4 Qd6 27. Ne5 Nxa3 28. Bxa3 Rxa3 29. Nc4 Qxc6+ 30. d5 exd5 31. Nxd5 Qxd5+ 32. Rxd5 Ra4 33. Qd3 Re8 34. Nd6 Nxd6 35. Rxd6 Ra2 36. Rd8 Kf8 37. Rxe8+ Kxe8 0-1

[Event "Betsys MČR v online bleskovém šachu 2021"]
[Site "Chess.com"]
[Date "2021.04.17"]
[Round "6"]
[White "Maty122"]
[Black "Alesbar"]
[Result "0-1"]
[WhiteElo "1127"]
[BlackElo "1608"]
[TimeControl "180+1"]
[EndTime "9:57:50 PDT"]
[Termination "Uživatel Alesbar zvítězil na čas"]

1. e4 c5 2. Nf3 d6 3. c3 e6 4. d4 cxd4 5. cxd4 Nf6 6. Nc3 Be7 7. Bb5+ Bd7 8. Bc4 a6 9. O-O O-O 10. Bf4 Nc6 11. d5 Na5 12. dxe6 Nxc4 13. exd7 Qxd7 14. b3 Nb6 15. Re1 Rac8 16. Nd5 Nbxd5 17. exd5 Rfe8 18. Bg5 h6 19. Bh4 Bd8 20. Rxe8+ Qxe8 21. Qd4 Qe4 22.
Qxe4 Nxe4 23. Bg3 Nxg3 24. hxg3 Bf6 25. Re1 Rc2 26. a4 Rc3 27. Re8+ Kh7 28. Nd2 Rd3 29. Nc4 Rxd5 30. Rb8 b5 31. axb5 axb5 32. Nb6 Rd1+ 33. Kh2 Rb1 34. Nd5 Rxb3 35. Rb6 Rd3 36. Rxb5 Be5 37.
f3 g5 38. Nb4 Rd2 39. Rb7 Kg6 40. Nc6 Rc2 41. Nd8 f6 42. Rf7 Rc8 43. Rd7 h5 44. Kg1 Rc1+ 45. Kf2 Rc2+ 0-1

[Event "Betsys MČR v online bleskovém šachu 2021"]
[Site "Chess.com"]
[Date "2021.04.17"]
[Round "6"]
[White "Pekibeast"]
[Black "TheFr0zenSun"]
[Result "0-1"]
[WhiteElo "1877"]
[BlackElo "2243"]
[TimeControl "180+1"]
[EndTime "9:57:51 PDT"]
[Termination "Uživatel TheFr0zenSun zvítězil po vzdání soupeře"]

1. e4 e5 2. f4 exf4 3. Bc4 Ne7 4. d4 d5 5. exd5 Nxd5 6. Nf3 Be7 7. Bxd5 Qxd5 8.
Nc3 Qf5 9. O-O O-O 10. Ne5 g5 11. g3 f6 12. Nd3 Nc6 13. gxf4 g4 14. Be3 Rd8 15.
Nf2 Bc5 16. Qe2 Nxd4 17. Bxd4 Bxd4 18. Rad1 b6 19. Qe4 Qxe4 20. Nxe4 Bf5 21. c3 Bxf2+ 22. Nxf2 Kf7 23. Kg2 h5 24. Rxd8 Rxd8 25. Rd1 Rxd1 26.
Nxd1 h4 27. Ne3 Be4+ 28. Kf2 f5 29. Nc4 Ke6 30. Nd2 Bd5 31. a3 b5 32. Nf1 c5 33.
Ne3 a5 34. Ke2 Be4 35. Kf2 b4 36. axb4 axb4 37. cxb4 cxb4 38. Ke2 Kd6 39. Nf1 Kc5 40. Nd2 Bd5 41. Kf2 Kd4 42. Ke2 Bc4+ 43. Kf2 Kd3 44. Nxc4 Kxc4 45. Ke3 Kb3 46. Kd4 Kxb2 47. Ke5 g3 48.
hxg3 hxg3 49. Kxf5 g2 50. Ke6 g1=Q 51. f5 Qe3+ 52. Kf7 Qe5 53. f6 b3 0-1

[Event "Betsys MČR v online bleskovém šachu 2021"]
[Site "Chess.com"]
[Date "2021.04.17"]
[Round "6"]
[White "Patriktesko"]
[Black "prosinec"]
[Result "1-0"]
[WhiteElo "2082"]
[BlackElo "1736"]
[TimeControl "180+1"]
[EndTime "9:57:52 PDT"]
[Termination "Uživatel Patriktesko zvítězil matem"]

1. d4 d6 2. Nf3 Nf6 3. Bg5 c6 4.
c3 h6 5. Bh4 g5 6. Bg3 Nh5 7.
e3 Nxg3 8. hxg3 Bg7 9. Bd3 Bg4 10. Nbd2 e5 11. Qc2 O-O 12. O-O-O Nd7 13. Ne4 d5 14. Nexg5 Bxf3 15. Nxf3 e4 16. Bxe4 dxe4 17. Qxe4 Nf6 18. Qd3 Qd5 19. Kb1 Qe4 20. Ne5 Qxd3+ 21. Rxd3 Ne4 22.
Rf1 Bxe5 23. dxe5 Rad8 24. Kc2 Nc5 25. Rd4 Ne6 26. Rdd1 Rxd1 27. Rxd1 Rd8 28. Rh1 Kg7 29. b4 Ng5 30. f3 Rd5 31. a4 Rxe5 32. f4 Rxe3 33.
fxg5 hxg5 34. g4 Re2+ 35. Kd3 Rxg2 36. a5 Rxg4 37. a6 b5 38. Re1 Rg3+ 39. Kd4 Rg4+ 40. Kd3 Rg3+ 41. Kc2 g4 42. Re7 Rg2+ 43. Kb3 Rd2 44.
Rxa7 Rd8 45. Rc7 g3 46. Re7 Ra8 47. Re3 Rxa6 48. Rxg3+ Kf6 49. c4 bxc4+ 50. Kxc4 Ke7 51. Kc5 f6 52. Re3+ Kf7 53. Rh3 Kg6 54. Rg3+ Kh5 55. Rg8 f5 56. Kd4 f4 57. Ke4 Ra4 58. Kf5 Rxb4 59.
Rh8# 1-0

[Event "Betsys MČR v online bleskovém šachu 2021"]
[Site "Chess.com"]
[Date "2021.04.17"]
[Round "6"]
[White "Kokos3"]
[Black "Rognort"]
[Result "1-0"]
[WhiteElo "1523"]
[BlackElo "1786"]
[TimeControl "180+1"]
[EndTime "9:57:52 PDT"]
[Termination "Uživatel Kokos3 zvítězil matem"]

1. e4 d5 2. exd5 Qxd5 3. Nc3 Qa5 4. d4 c6 5. Nf3 Bf5 6. Be2 e6 7. O-O Nf6 8. Nh4 Bg6 9. Nxg6 hxg6 10. Bf4 Nbd7 11. a3 Qf5 12. Qd2 Nb6 13. h3 Nbd5 14.
Bh2 g5 15. Bd3 Ne4 16. Bxe4 Qf6 17. Nxd5 cxd5 18. Bf3 Be7 19. b3 Rc8 20. Rac1 O-O 21. c4 Bxa3 22. Ra1 Be7 23. cxd5 Rfd8 24. dxe6 Rxd4 25. Qe2 Qxe6 26. Qxe6 fxe6 27. Bxb7 Rc3 28. Be5 Rxb3 29. Bxd4 Rxb7 30. Rxa7 Rxa7 31. Bxa7 Bf6 32. Re1 Kf7 33. g3 Bc3 34. Re3 Bf6 35. f4 Kg6 36. Kg2 Bd4 37. Rxe6+ Bf6 38. fxg5 Kxg5 39. Be3+ Kf5 40. Ra6 Kg6 41. Kf3 Kf5 42. g4+ Ke5 43. Bf4+ Kd4 44. g5 Bd8 45. h4 Kd5 46. h5 Be7 47. h6 gxh6 48. gxh6 Bb4 49. h7 Bc3 50.
Bg5 Ke5 51. Bf6+ Kf5 52. Bxc3 Kg5 53. h8=Q Kf5 54. Qf6# 1-0

[Event "Betsys MČR v online bleskovém šachu 2021"]
[Site "Chess.com"]
[Date "2021.04.17"]
[Round "6"]
[White "chessbeer17"]
[Black "Tretrik"]
[Result "1-0"]
[WhiteElo "2351"]
[BlackElo "2135"]
[TimeControl "180+1"]
[EndTime "9:57:53 PDT"]
[Termination "Uživatel chessbeer17 zvítězil na čas"]

1. d4 Nf6 2. c4 d6 3. Nc3 e5 4. d5 Bf5 5. Bg5 Be7 6. Bxf6 Bxf6 7. e4 Bc8 8. Bd3 Bg5 9. Nf3 Bh6 10. O-O O-O 11. Qc2 a5 12. a3 Nd7 13. Ne2 a4 14. Ng3 Nc5 15. Rad1 g6 16. h3 Bd7 17. Nh2 Qh4 18. Qe2 f5 19. exf5 gxf5 20. Qh5 Qxh5 21.
Nxh5 Ra6 22. Rfe1 Rb6 23. Re2 Be8 24. Ng3 Bd7 25. Nhf1 e4 26. Bb1 Bg7 27. Rdd2 Bh6 28. Rc2 Re8 29. Nh5 Kf7 30. Ne3 f4 31. Ng4 Bxg4 32.
hxg4 Rg8 33. f3 Rb3 34. fxe4 Rxg4 35. e5 dxe5 36. Rxe5 Rbg3 37. Rf2 Rb3 38. Bxh7 Nd7 39. Re4 1-0

[Event "Betsys MČR v online bleskovém šachu 2021"]
[Site "Chess.com"]
[Date "2021.04.17"]
[Round "6"]
[White "kubaches123"]
[Black "martin1804"]
[Result "1-0"]
[WhiteElo "2058"]
[BlackElo "2244"]
[TimeControl "180+1"]
[EndTime "9:57:54 PDT"]
[Termination "Uživatel kubaches123 zvítězil matem"]

1. d4 Nf6 2. c4 d6 3. Nf3 g6 4. g3 Bg7 5. Bg2 O-O 6. O-O Nc6 7. Nc3 a6 8. b3 Rb8 9. Bb2 Bd7 10. Rc1 b5 11.
cxb5 axb5 12. d5 Na5 13. Nd4 b4 14. Nb1 e5 15. Nc6 Nxc6 16. dxc6 Be6 17. Nd2 Ra8 18. Ra1 Nd5 19. Nc4 Nc3 20. Qc2 d5 21. Ne3 d4 22.
Nc4 f5 23. a3 Bd5 24. axb4 Bxg2 25. Kxg2 Qd5+ 26. Kg1 Ne4 27. Na5 Ng5 28. h4 Ne6 29.
Qc4 Qd6 30. b5 Kh8 31. Ba3 Qd8 32. Qxe6 Re8 33. Qc4 f4 34. Nb7 Qf6 35. Bb2 fxg3 36. fxg3 Qe7 37. Rxa8 Rxa8 38. b6 Re8 39. bxc7 Qxc7 40.
b4 e4 41. Rf4 Be5 42. Bxd4 Bxd4+ 43. Qxd4+ Kg8 44. b5 Qb8 45. Rxe4 Rf8 46. Qc4+ Kg7 47. Re7+ Kh6 48. Qc1+ Kh5 49. Qg5# 1-0